 Dungeon Crawl Stone Soup version 0.28.0-43-g3370ac3207 (webtiles) character file.

Game seed: 9012456268803616919

240 demenzo the Skirmisher (level 6, 0/67 HPs)
             Began as an Ogre Berserker on Mar 8, 2022.
             Was a Believer of Trog.
             Slain by an orc priest
             ... wielding a +0 hand axe
              (6 damage)
             ... on level 4 of the Dungeon.
             The game lasted 00:03:36 (4287 turns).

demenzo the Skirmisher (Ogre Berserker)             Turns: 4287, Time: 00:03:37

Health: 0/67       AC:  3    Str: 24    XL:     6   Next: 8%
Magic:  6/6        EV: 10    Int:  8    God:    Trog [**....]
Gold:   64         SH:  0    Dex:  8    Spells: 5/5 levels left

rFire   . . .      SeeInvis .   c - +3 dagger
rCold   . . .      Faith    .   (no shield)
rNeg    . . .      Spirit   .   b - +0 animal skin
rPois   .          Reflect  .   (helmet restricted)
rElec   .          Harm     .   (no cloak)
rCorr   .          Rampage  .   (gloves unavailable)
Will    .....                   (boots unavailable)
Stlth   +.........              (no amulet)
HPRegen 0.21/turn               (no ring)
MPRegen 0.10/turn               (no ring)

@: no status effects
A: large, unfitting armour, tough skin 1
a: Renounce Religion, Berserk, Trog's Hand


You were on level 4 of the Dungeon.
You worshipped Trog.
Trog was pleased with you.
You visited 1 branch of the dungeon, and saw 4 of its levels.

You collected 64 gold pieces.

Inventory:

Hand Weapons
 a - a +0 mace
 c - a +3 dagger (weapon)
 s - a +0 hunting sling
Missiles
 d - 6 poisoned darts (quivered)
 e - 34 bolts
 l - 119 stones
 w - 3 curare-tipped darts
Armour
 b - a +0 animal skin (worn)
Scrolls
 i - a scroll of enchant armour {unknown}
 j - 3 scrolls of identify {unknown}
 n - a scroll of blinking {unknown}
 o - 2 scrolls of teleportation {unknown}
 p - a scroll of noise {unknown}
 t - a scroll of torment {unknown}
 v - a scroll of enchant weapon {unknown}
 x - 3 scrolls of fear {unknown}
Potions
 f - 3 potions of flight {unknown}
 g - a potion of heal wounds {unknown}
 h - 2 potions of lignification {unknown}
 k - 2 potions of invisibility {unknown}
 m - a potion of haste {unknown}
 q - a potion of attraction {unknown}
 r - a potion of mutation {unknown}
 u - a potion of curing {unknown}


   Skills:
 + Level 5.8 Fighting
 * Level 5.1 Maces & Flails
 - Level 3.0 Dodging


You had 5 spell levels left.
You didn't know any spells.
Your spell library was empty.

Dungeon Overview and Level Annotations

Branches:
Dungeon (4/15)
 Temple: D:4-7

Altars:
The Shining One


Innate Abilities, Weirdness & Mutations

You are too large for most types of armour.
You have tough skin. (AC +1)


Message History

The orc priest is lightly wounded.
The orc priest closely misses you.
You hit the orc priest but do no damage.
The orc priest is lightly wounded.
The orc priest mumbles some strange prayers to Beogh against you.
Pain shoots through your body!
You hit the orc priest.
The orc priest is moderately wounded.
The orc priest hits you with a +0 hand axe.
You barely miss the orc priest.
The orc priest is moderately wounded.
The orc priest hits you with a +0 hand axe.
You closely miss the orc priest.
The orc priest is moderately wounded.
The orc priest mumbles some strange prayers to Beogh against you.
Beogh smites you!
You barely miss the orc priest.
The orc priest is moderately wounded.
The orc priest hits you with a +0 hand axe.
You barely miss the orc priest.
The orc priest is moderately wounded.
The orc priest barely misses you.
You hit the orc priest.
The orc priest is heavily wounded.
The orc priest hits you with a +0 hand axe!
You hit the orc priest.
The orc priest is severely wounded.
The orc priest mumbles some strange prayers to Beogh against you.
Beogh smites you!
* * * LOW HITPOINT WARNING * * *
You are too injured to fight recklessly!
You hit the orc priest but do no damage.
The orc priest is severely wounded.
The orc priest invokes the aid of Beogh against you.
Pain shoots through your body!
* * * LOW HITPOINT WARNING * * *
You completely miss the orc priest.
The orc priest is severely wounded.
The orc priest hits you with a +0 hand axe.
You die...

####.# ## ..#.##..
# #.#..#.#.#
#.#.##.#.#
#........ #
#...##.#### #
###<#...<.....#...
#>).†.............
#.#.#..#.#@.....#
#..........o......
#.#.##.#.###..#.#.
#.... #.#... .....
#... #.###.# .#.#
#... ... .# .# #
#.. ..| $ . ... #
#.


You could see an orc priest.

Vanquished Creatures
  An orc priest (D:2)
  Robin (D:3)
  9 adders
  2 worms
  2 dart slugs (D:1)
  8 orcs
  14 ball pythons
  4 bats
  5 endoplasms
  4 giant cockroaches
  9 goblins
  13 hobgoblins
  3 jackals
  6 quokkas
  5 frilled lizards
  6 kobolds
  4 rats
96 creatures vanquished.

Vanquished Creatures (others)
  2 fungi (D:3)
2 creatures vanquished.

Grand Total: 98 creatures vanquished

Notes
Turn   | Place    | Note
-------+----------+-------------------------------------------
     0 | D:1      | demenzo the Ogre Berserker began the quest for the Orb.
     0 | D:1      | Reached XP level 1. HP: 24/24 MP: 1/1
   154 | D:1      | Reached XP level 2. HP: 21/32 MP: 2/2
   848 | D:1      | Reached XP level 3. HP: 40/40 MP: 3/3
  1465 | D:2      | Reached ** piety under Trog
  1585 | D:2      | Reached XP level 4. HP: 8/49 MP: 4/4
  2044 | D:2      | Reached skill level 5 in Fighting
  2445 | D:2      | Reached XP level 5. HP: 34/57 MP: 5/5
  3069 | D:3      | Found a glowing golden altar of the Shining One.
  3366 | D:3      | Noticed Robin
  3375 | D:3      | Killed Robin
  3403 | D:2      | Reached skill level 5 in Maces & Flails
  3417 | D:2      | Reached XP level 6. HP: 33/67 MP: 6/6
  4287 | D:4      | Slain by an orc priest

Illustrated notes

Levels and vault maps discovered:
D:1:      eino_arrival_tree_alley, layout_basic
D:2:      layout_basic, minmay_snake_closets
D:3:      layout_loops_corners, mainiacjoe_overflow_boulevard,
          minmay_fractal_squares_5, uniq_robin
D:4:      layout_basic, minmay_temple_entry_offerings

Skill      XL: |  1  2  3  4  5 |
---------------+----------------+-----
Dodging        | 3 |  3.0
Maces & Flails | 3 4 5 |  5.1
Fighting       | 5 |  5.8

Action                   |  1- 3 |  4- 6 || total
-------------------------+-------+-------++-------
Melee: Mace              |    15 |       ||    15
       Dagger            |    96 |   212 ||   308
       Punch             |     1 |     1 ||     2
Invok: Berserk           |     2 |     3 ||     5
 Stab: Sleeping          |       |     1 ||     1
Armor: Animal skin       |    22 |    59 ||    81
Dodge: Dodged            |    46 |    99 ||   145
